 Dungeon Crawl Stone Soup version 0.23.1-37-gaa34b87b72 (webtiles) character file.

Game seed: 7368873886557838768

27604 Marnok the Cleaver (level 13, -2/129 HPs)
             Began as a Deep Dwarf Fighter on Mar 24, 2019.
             Was a Believer of Elyvilon.
             Slain by a troll (12 damage)
             ... on level 1 of the Orcish Mines.
             The game lasted 01:27:03 (9843 turns).

Marnok the Cleaver (Deep Dwarf Fighter)             Turns: 9843, Time: 01:27:03

Health: -2/129     AC: 15    Str: 20    XL:     13   Next: 5%
Magic:  10/12      EV: 15    Int:  9    God:    Elyvilon [**....]
Gold:   607        SH: 13    Dex: 15    Spells: 12/12 levels left

rFire    + . .     SeeInvis .   a - +4 war axe
rCold    + . .     Gourm    .   c - +1 shield
rNeg     . . .     Faith    .   x - +5 ring mail {rC+}
rPois    .         Spirit   .   p - +1 helmet
rElec    .         Reflect  .   B - +0 cloak
rCorr    .         Harm     .   (no gloves)
MR       +....                  (no boots)
Stlth    +.........             (no amulet)
HPRegen  0.00/turn              q - ring of protection from fire
MPRegen  0.13/turn              (no ring)

@: about to teleport, non-regenerating
A: damage resistance, heal wounds, sense surroundings 2, robust 1, weak 1,
MP-powered wands, no regeneration
a: Heal Wounds, Lesser Healing, Heal Other, Divine Protection, Renounce Religion


You were on level 1 of the Orcish Mines.
You worshipped Elyvilon.
Elyvilon was pleased with you.
You were not hungry.

You visited 2 branches of the dungeon, and saw 13 of its levels.
You also visited: Ice Cave.

You collected 915 gold pieces.
You spent 308 gold pieces at shops.

Inventory:

Hand Weapons
 a - a +4 war axe (weapon)
 e - a +4 scimitar of flaming
 r - a +2 mace of venom
 F - a +3 hunting sling of velocity
 I - a +2 antimagic dagger
 P - a +5 battleaxe of freezing
Missiles
 u - 285 stones (quivered)
Armour
 c - a +1 shield (worn)
 d - a +0 robe of fire resistance
 p - a +1 helmet (worn)
 x - a +5 ring mail of cold resistance (worn)
 B - a +0 cloak (worn)
 J - +0 steam dragon scales
Jewellery
 n - an uncursed amulet of guardian spirit
 q - a ring of protection from fire (left hand)
Wands
 k - a wand of clouds (10)
 w - a wand of flame (33)
 y - a wand of polymorph (10)
 A - a wand of paralysis (15)
Scrolls
 h - a scroll of teleportation
 i - 6 scrolls of remove curse
 j - 5 scrolls of amnesia
 m - a scroll of identify
 s - a scroll of silence {unknown}
 t - a scroll of fog
 G - 2 scrolls of magic mapping
 H - 2 scrolls of noise
Potions
 g - a potion of flight
 v - 2 potions of curing
 z - a potion of brilliance
 C - a potion of heal wounds {unknown}
 E - a potion of ambrosia
 L - a potion of resistance {unknown}
Miscellaneous
 l - a phantom mirror
Comestibles
 b - 25 chunks of flesh
 f - 22 rations


   Skills:
 + Level 8.5 Fighting
 + Level 0.6 Long Blades
 + Level 14.6 Axes
 + Level 1.9 Slings
 + Level 8.2 Armour
 + Level 7.3 Dodging
 + Level 1.4 Stealth
 + Level 11.4 Shields
 + Level 7.3 Invocations
 + Level 0.8 Evocations


You had 12 spell levels left.
You didn't know any spells.
Your spell library contained the following spells:

 Spells                   Type           Power        Failure   Level  Hunger
 Confusing Touch          Hex            #.....       69%         1    ##.....
 Confuse                  Hex            #.......     96%         3    ####...
 Gell's Gravitas          Tloc           #.........   96%         3    ####...
 Petrify                  Tmut/Erth      #.......     100%        4    #####..
 Metabolic Englaciation   Hex/Ice        #.........   100%        5    ######.
 Yara's Violent Unravell  Hex/Tmut       #.........   100%        5    ######.


Dungeon Overview and Level Annotations

Branches:
Dungeon (12/15)            Temple (0/1) D:4            Lair (0/6) D:8
    Orc (1/2) D:10

Altars:
Cheibriados
Elyvilon
Gozag
Kikubaaqudgha
Nemelex Xobeh
Trog
Vehumet
Zin

Shops:
D:10 (


Innate Abilities, Weirdness & Mutations

You are resistant to damage.
You can heal yourself by infusing magical energy.
You passively map the area around you.
You do not regenerate.
You are robust. (+10% HP)
You are weak. (Str -2)
You expend magic power (3 MP) to strengthen your wands.


Message History

The orc warlord hits you with a +2 war axe of freezing!
The orc warlord freezes you. The troll barely misses you. The troll claws you!
The troll closely misses you.
You are healed.
You feel somewhat more hungry.
An orc wizard comes into view. It is wielding a +0 antimagic dagger.
The orc warrior hits you with a +0 trident.
The troll bites you! The troll claws you but does no damage.
The troll claws you!
The orc warlord hits you with a +2 war axe of freezing!
* * * LOW HITPOINT WARNING * * *
The orc warlord freezes you.
The orc warrior hits you but does no damage.
The orc warlord hits you with a +2 war axe of freezing!!
* * * LOW HITPOINT WARNING * * *
The orc warlord freezes you.
* * * LOW HITPOINT WARNING * * *
Okay, then.
As you read the scroll of teleportation, it crumbles to dust.
You feel strangely unstable. The troll bites you!
You die...

, .........##..... ,,
...........#.#.. , , * *
* #..o.#........... , ..
* *.................##
#.#*
.............#.##.##.##
,...._....>....##......#
*......o)))............##
.......T)).............#
#.....#@o(..............
...............).#.....#
,......#.....)))##.......
,
#...#.#...#).)(#.....#.#
*
.............)[)..#...##
*
##..#........))....#[##.
....#........).(.)##...
...#.............().<..
#.#...##.#(#......)....


You could see an orc warlord, a troll, an orc warrior and an orc wizard.

Vanquished Creatures
  A frost giant (IceCv)
  Harold (D:7)
  3 two-headed ogres
  7 death yaks (D:8)
  An unseen horror (D:11)
  An ugly thing (D:11)
  Maurice (D:8)
  2 ice statues (IceCv)
  Joseph (D:8)
  A centaur skeleton (D:12)
  An efreet (D:11)
  A hornet (D:12)
  12 polar bears (IceCv)
  4 hippogriffs
  Sigmund (D:2)
  A shadow (D:11)
  A wyvern (D:9)
  A human (D:7)
  21 yaks
  3 steam dragons
  4 hogs (D:7)
  3 vampire mosquitoes (D:12)
  A hungry ghost (D:12)
  Menkaure (D:6)
  An insubstantial wisp (D:11)
  2 water moccasins
  11 ice beasts
  9 orc warriors
  A black bear (D:7)
  2 phantoms
  An eye of draining (D:8)
  11 ogres
  6 sky beasts
  A necrophage (D:8)
  11 wolves (IceCv)
  3 centaurs
  A crocodile (D:4)
  10 bullfrogs
  A wyvern skeleton (D:10)
  3 scorpions
  3 wights (D:11)
  3 vampire bats (D:6)
  6 crimson imps
  5 orc priests
  12 hounds
  2 jellies
  4 bullfrog skeletons
  Jessica (D:3)
  Ijyb (D:3)
  Terence (D:3)
  4 iguanas
  15 orc wizards
  10 worker ants
  A killer bee zombie (D:8)
  A hound skeleton (D:8)
  Robin (D:2)
  4 gnolls
  2 howler monkey skeletons (D:8)
  14 adders
  3 shadow imps
  2 adder zombies
  3 worms
  11 leopard geckos
  44 orcs
  A ball python (D:6)
  3 bat skeletons (D:6)
  4 bat zombies (D:6)
  8 giant cockroaches
  6 hobgoblins
  32 jackals
  11 kobolds
  4 quokkas
  8 bats
  2 frilled lizards
  27 goblins
  A leopard gecko skeleton (D:5)
  A quokka skeleton (D:4)
  7 rats
416 creatures vanquished.

Vanquished Creatures (others)
  A yak (D:11)
1 creature vanquished.

Grand Total: 417 creatures vanquished

Notes
Turn   | Place    | Note
-------+----------+-------------------------------------------
     0 | D:1      | Marnok the Deep Dwarf Fighter began the quest for the Orb.
     0 | D:1      | Reached XP level 1. HP: 20/20 MP: 1/1
    19 | D:1      | Reached XP level 2. HP: 27/27 MP: 2/2
    83 | D:2      | Noticed Robin
    94 | D:1      | Reached XP level 3. HP: 31/34 MP: 3/3
   443 | D:1      | Reached skill level 3 in Axes
   616 | D:2      | Noticed Sigmund
   625 | D:2      | Killed Sigmund
   625 | D:2      | Reached skill level 4 in Axes
   625 | D:2      | Reached skill level 1 in Dodging
   625 | D:2      | Reached XP level 4. HP: 30/42 MP: 0/4
   625 | D:2      | Reached XP level 5. HP: 35/49 MP: 0/5
   790 | D:2      | Killed Robin
  1204 | D:3      | Noticed Jessica
  1208 | D:3      | Killed Jessica
  1208 | D:3      | Reached XP level 6. HP: 40/56 MP: 6/6
  1230 | D:3      | Gained mutation: You are weak. (Str -2) [potion of
                  | mutation]
  1230 | D:3      | Gained mutation: You expend magic power (3 MP) to
                  | strengthen your wands. [potion of mutation]
  1230 | D:3      | Gained mutation: You are robust. (+10% HP) [potion of
                  | mutation]
  1339 | D:3      | Found Zin's Purification Station.
  1340 | D:3      | Found a glowing silver altar of Zin.
  1346 | D:3      | Bought a potion of curing for 90 gold pieces
  1622 | D:3      | Noticed Ijyb
  1628 | D:3      | Reached skill level 5 in Axes
  1642 | D:3      | Killed Ijyb
  1822 | D:3      | Noticed Terence
  1835 | D:3      | Killed Terence
  1920 | D:3      | Found a faded altar of an unknown god.
  2283 | D:4      | Reached skill level 5 in Shields
  2301 | D:5      | Entered Level 5 of the Dungeon
  2583 | D:4      | Found an opulent altar of Gozag.
  2583 | D:4      | Found a white marble altar of Elyvilon.
  2597 | D:4      | Became a worshipper of Elyvilon the Healer
  2632 | D:4      | Reached XP level 7. HP: 63/69 MP: 7/7
  2822 | D:4      | Found a staircase to the Ecumenical Temple.
  3163 | D:5      | Reached * piety under Elyvilon
  3176 | D:5      | Reached skill level 6 in Axes
  3240 | D:5      | Reached skill level 5 in Armour
  3474 | D:5      | Found a bloodstained altar of Trog.
  3481 | D:5      | Reached skill level 7 in Axes
  3481 | D:5      | Reached XP level 8. HP: 44/79 MP: 0/8
  3928 | D:6      | Reached skill level 8 in Axes
  3958 | D:6      | Reached skill level 1 in Invocations
  3958 | D:6      | Reached skill level 1 in Slings
  4306 | D:7      | Noticed Menkaure
  4316 | D:6      | Killed Menkaure
  4335 | D:7      | Gained mutation: You passively map the area around you.
                  | [Deep Dwarf growth]
  4335 | D:7      | Reached XP level 9. HP: 43/86 MP: 6/10
  4476 | D:6      | Found an ancient bone altar of Kikubaaqudgha.
  4548 | D:8      | Noticed a death yak
  4548 | D:8      | Noticed a death yak
  4548 | D:8      | Noticed a death yak
  4549 | D:8      | Noticed a death yak
  4827 | D:7      | Reached skill level 9 in Axes
  4883 | D:8      | Reached ** piety under Elyvilon
  4885 | D:8      | Found a sparkling altar of Nemelex Xobeh.
  4947 | D:7      | Found a snail-covered altar of Cheibriados.
  4949 | D:7      | Noticed Harold
  4979 | D:7      | Killed Harold
  4979 | D:7      | Reached skill level 5 in Fighting
  4979 | D:7      | Reached skill level 10 in Axes
  4979 | D:7      | Reached skill level 1 in Stealth
  5025 | D:7      | Reached XP level 10. HP: 63/96 MP: 10/13
  5109 | D:8      | Noticed a death yak
  5252 | D:8      | Noticed a death yak
  5254 | D:8      | Noticed a death yak
  5275 | D:8      | Killed a death yak
  5275 | D:8      | Reached skill level 5 in Invocations
  5282 | D:8      | Killed a death yak
  5282 | D:8      | Reached skill level 11 in Axes
  5300 | D:8      | Killed a death yak
  5320 | D:8      | Killed a death yak
  5324 | D:8      | Killed a death yak
  5337 | D:8      | Noticed Joseph
  5447 | D:8      | Reached XP level 11. HP: 106/106 MP: 7/13
  5458 | D:8      | Noticed Maurice
  5478 | D:8      | Killed Maurice
  5478 | D:8      | Reached skill level 12 in Axes
  5583 | D:8      | Killed a death yak
  5607 | D:8      | Killed a death yak
  5712 | D:8      | Found a staircase to the Lair.
  5736 | D:8      | Killed Joseph
  5887 | D:8      | Reached skill level 5 in Dodging
  6080 | D:9      | Noticed a two-headed ogre
  6675 | D:9      | Killed a two-headed ogre
  6796 | D:9      | Noticed a two-headed ogre
  6809 | D:9      | Killed a two-headed ogre
  6853 | D:10     | Entered Level 10 of the Dungeon
  6972 | D:9      | Reached skill level 13 in Axes
  7354 | D:11     | Reached skill level 10 in Shields
  7414 | D:11     | Noticed a six-headed hydra
  7456 | D:12     | Noticed a seven-headed hydra
  7680 | D:11     | Reached XP level 12. HP: 119/119 MP: 11/11
  7801 | D:11     | Found a frozen archway.
  7813 | IceCv    | Entered an ice cave
  8068 | IceCv    | Noticed a frost giant
  8127 | IceCv    | Killed a frost giant
  8127 | IceCv    | Reached skill level 14 in Axes
  8908 | D:10     | Found a staircase to the Orcish Mines.
  8922 | D:10     | Found Foshut's Weapon Boutique.
  8931 | D:10     | Bought a +2 mace of venom for 218 gold pieces
  9667 | Orc:1    | Entered Level 1 of the Orcish Mines
  9705 | Orc:1    | Noticed a two-headed ogre
  9724 | Orc:1    | Killed a two-headed ogre
  9724 | Orc:1    | Reached XP level 13. HP: 94/129 MP: 12/12
  9746 | Orc:1    | Found a radiant altar of Vehumet.
  9814 | Orc:1    | Noticed an orc warlord
  9843 | Orc:1    | Slain by a troll

Skill      XL: |  1  2  3  4  5  6  7  8  9 10 11 12 |
---------------+-------------------------------------+-----
Fighting       | 3 4 5 6 7 8 |  8.5
Axes           | 4 5 7 8 10 11 13 14 | 14.6
Armour         | 4 5 6 7 8 |  8.2
Dodging        | 1 2 3 4 5 7 |  7.3
Shields        | 4 5 6 7 8 9 10 11 | 11.4
Invocations    | 2 4 5 6 7 |  7.3
Slings         | 1 |  1.9
Stealth        | 1 |  1.4
Long Blades    | |  0.6
Evocations     | |  0.8

Action                   |  1- 3 |  4- 6 |  7- 9 | 10-12 | 13-15 || total
-------------------------+-------+-------+-------+-------+-------++-------
Melee: War axe           |    98 |   217 |   290 |   999 |    41 ||  1645
       Mace              |       |       |       |     5 |       ||     5
       Scimitar          |       |       |       |    11 |       ||    11
 Fire: Hunting sling     |       |       |    17 |       |       ||    17
Invok: Lesser Healing    |       |       |    50 |   136 |     8 ||   194
 Abil: Heal Wounds       |       |     2 |     1 |    39 |     1 ||    43
Evoke: Wand              |       |       |       |     7 |       ||     7
  Use: Potion            |     1 |     4 |       |     7 |     1 ||    13
       Scroll            |       |    12 |       |    14 |     1 ||    27
  Eat: Chunk             |       |     6 |    16 |    32 |       ||    54
       Ration            |       |       |       |     3 |       ||     3
Armor: Scale mail        |    49 |    75 |       |       |       ||   124
       Ring mail         |       |    13 |   105 |   396 |    11 ||   525
Dodge: Dodged            |    34 |    68 |   107 |   539 |    30 ||   778
Block: Shield            |    62 |   127 |   200 |   730 |    35 ||  1154
       Rpst.: Scimitar   |       |       |       |     4 |       ||     4
